[Event "Tuesday 03 April Rapid Engine Tour12+1 Rounds 9 Starts 1600ST"]
[Site "Infinity Chess"]
[Date "2018.4.3"]
[Round "5"]
[White "angriff"]
[Black "beka"]
[Result "1/2-1/2"]
[ECO "C50"]
[WhiteElo "2404"]
[BlackElo "2376"]
[WhiteEngine "DracoREX 3.07 64BIT POPCNT_CTG"]
[BlackEngine "stockfish_18032408_32bit"]
[EventType "Swiss"]
[WhiteTeam ""]
[BlackTeam ""]
[PlyCount "154"]
[TimeControl "720+1"]

1. e4 e5 2. Nf3 Nc6 3. Bc4 Bc5 4. O-O Nf6 5. d3 d6 6. c3 a5 7. Bg5 O-O 8. a4 h6 
9. Bh4 g5 10. Bg3 Kg7 11. Nbd2 Ba7 12. Re1 Nh7 13. h3 h5 14. d4 g4 15. Nh4 exd4 
16. Rc1 gxh3 17. Qxh5 Qg5 18. Qxg5+ Nxg5 19. Nf5+ Bxf5 20. exf5 Ne5 
21. cxd4 Bxd4 22. Red1 Ng4 23. Ne4 Nxe4 24. Rxd4 Ngf6 25. Bf4 Rh8 26. f3 Nc5 
27. g4 Nfd7 28. Rd5 f6 29. Be2 Rhe8 30. Bd1 Rad8 31. Kh2 Ne5 32. Rc3 c6 
33. Rd2 b6 34. b3 d5 35. Be3 d4 36. Rxd4 Nxf3+ 37. Bxf3 Rxe3 38. Rxe3 Rxd4 
39. Kxh3 Nd3 40. Bxc6 Nf2+ 41. Kg3 Nxg4 42. Re7+ Kh6 43. Bd7 Ne5 44. Be6 Nd3 
45. Kf3 Ne5+ 46. Ke3 Rb4 47. Ke2 Nc6 48. Re8 Nd4+ 49. Ke3 Nxb3 50. Rh8+ Kg5 
51. Rg8+ Kh4 52. Rg6 Nc5 53. Rxf6 Rxa4 54. Rh6+ Kg4 55. Rg6+ Kh5 56. Bd5 Ra3+ 
57. Kd4 Ra4+ 58. Ke5 Nd3+ 59. Kf6 Rf4 60. Rg3 Nc5 61. Rg8 a4 62. Rh8+ Kg4 
63. Rg8+ Kh5 64. Ke5 Nd3+ 65. Kf6 Rf2 66. Rg3 Nc5 67. Ke5 b5 68. Kd4 Kh4 
69. Rg6 Nd7 70. Bc6 Nf8 71. Rf6 Nd7 72. Bxd7 Rd2+ 73. Kc5 Rxd7 74. Ra6 Rf7 
75. f6 Kg5 76. Kxb5 Rxf6 77. Rxf6 Kxf6 1/2-1/2

[Event "Tuesday 03 April Rapid Engine Tour12+1 Rounds 9 Starts 1600ST"]
[Site "Infinity Chess"]
[Date "2018.4.3"]
[Round "5"]
[White "ocirema"]
[Black "KillBill2017"]
[Result "1/2-1/2"]
[ECO "C50"]
[WhiteElo "2435"]
[BlackElo "2420"]
[WhiteEngine "stockfish_18040300_x64_modern_CTG"]
[BlackEngine "Raubfisch X37f_CTG"]
[EventType "Swiss"]
[WhiteTeam ""]
[BlackTeam ""]
[PlyCount "87"]
[TimeControl "720+1"]

1. e4 e5 2. Nf3 Nc6 3. Bc4 Bc5 4. O-O Nf6 5. d3 d6 6. c3 O-O 7. Bg5 h6 8. Bh4 a6 
9. a4 g5 10. Bg3 Ba7 11. Nbd2 Nh7 12. h3 h5 13. Kh1 Kh8 14. b4 h4 15. Bh2 g4 
16. hxg4 Bxg4 17. b5 Na5 18. Ba2 Qf6 19. d4 Rae8 20. Qb1 Qh6 21. Qd3 f5 
22. exf5 Bxf5 23. Qe3 Qh5 24. Nxe5 Nf6 25. Bf7 Rxf7 26. Nxf7+ Qxf7 27. Qh6+ Kg8 
28. Rfe1 Rf8 29. Qxh4 Qh7 30. Qxh7+ Bxh7 31. Re3 Bb6 32. Kg1 Re8 33. Rxe8+ Nxe8 
34. bxa6 bxa6 35. Bf4 Nf6 36. Bg5 Nd5 37. Rc1 Nc6 38. Nb3 Bd3 39. Kh2 Kf7 
40. g4 Bc4 41. Nd2 Bd3 42. Nb3 Na5 43. Nd2 Nc6 44. Nb3 1/2-1/2

[Event "Tuesday 03 April Rapid Engine Tour12+1 Rounds 9 Starts 1600ST"]
[Site "Infinity Chess"]
[Date "2018.4.3"]
[Round "5"]
[White "Mr Aj"]
[Black "star99"]
[Result "1/2-1/2"]
[ECO "A46"]
[WhiteElo "2439"]
[BlackElo "2416"]
[WhiteEngine "Houdini 6_CTG"]
[BlackEngine "Cryptic Heroes 9.2B"]
[EventType "Swiss"]
[WhiteTeam ""]
[BlackTeam ""]
[PlyCount "106"]
[TimeControl "720+1"]

1. d4 Nf6 2. Nf3 d5 3. c4 c6 4. Nc3 e6 5. e3 Nbd7 6. Qc2 Bd6 7. Bd3 O-O 
8. O-O dxc4 9. Bxc4 b5 10. Be2 Bb7 11. e4 e5 12. dxe5 Nxe5 13. Nh4 g6 14. Bg5 h6 
15. Bxh6 Nfg4 16. Nxg6 Nxg6 17. Bxf8 Bxh2+ 18. Kh1 Bf4 19. Bxg4 Qh4+ 20. Bh3 Bc8 
21. Be7 Nxe7 22. Qd3 Ng6 23. Rfd1 Bg4 24. Qf1 Re8 25. Ne2 Rxe4 26. Ng1 Bxd1 
27. g3 Qf6 28. Rxd1 Bc7 29. Rd2 Bb6 30. Kg2 Rd4 31. Re2 Kg7 32. Nf3 Rd3 
33. Bg4 Nf4+ 34. gxf4 Qxf4 35. Bh5 Rd5 36. Qh1 Qf5 37. Bxf7 Qxf7 38. Qe1 Qg6+ 
39. Kf1 Bc5 40. Qc3+ Qf6 41. Re6 Qxc3 42. bxc3 Rd1+ 43. Kg2 Ra1 44. Rxc6 Bb6 
45. Nd2 Rxa2 46. Ne4 Kf8 47. Re6 Kf7 48. Re5 Rb2 49. Rxb5 Rxb5 50. Nd6+ Ke6 
51. Nxb5 Kd5 52. c4+ Kxc4 53. Nxa7 Bxa7 1/2-1/2

[Event "Tuesday 03 April Rapid Engine Tour12+1 Rounds 9 Starts 1600ST"]
[Site "Infinity Chess"]
[Date "2018.4.3"]
[Round "5"]
[White "Prometheus"]
[Black "MGR"]
[Result "1/2-1/2"]
[ECO "E61"]
[WhiteElo "2446"]
[BlackElo "2449"]
[WhiteEngine "Eman 1.70-beta13 64-bit BMI2"]
[BlackEngine "CF 180327 64 POP N"]
[EventType "Swiss"]
[WhiteTeam ""]
[BlackTeam ""]
[PlyCount "88"]
[TimeControl "720+1"]

1. d4 Nf6 2. c4 g6 3. Nc3 d6 4. e4 Bg7 5. Be2 O-O 6. Nf3 e5 7. Be3 exd4 
8. Nxd4 c6 9. Qd2 Re8 10. f3 d5 11. exd5 cxd5 12. O-O-O Nc6 13. g4 Qe7 
14. Bf2 dxc4 15. Rhe1 Qb4 16. Kb1 Be6 17. a3 Qb6 18. Nxe6 Qxf2 19. Rf1 Qh4 
20. Nxg7 Kxg7 21. Bxc4 Rad8 22. Qc1 Rxd1 23. Rxd1 h6 24. h3 Ne5 25. Bd5 Nxd5 
26. Nxd5 Qg3 27. f4 Nc6 28. f5 Qe5 29. Nf4 gxf5 30. Rd5 Qe4+ 31. Ka2 Qe3 
32. Nh5+ Kf8 33. Qf1 fxg4 34. Qf6 Qe6 35. Qg7+ Ke7 36. Nf4 Qe4 37. Qxh6 Rd8 
38. Qh4+ f6 39. Rxd8 Nxd8 40. Qxg4 Qc4+ 41. Ka1 Qc1+ 42. Ka2 Qc4+ 43. Ka1 Qc1+ 
44. Ka2 Qc4+ 1/2-1/2

[Event "Tuesday 03 April Rapid Engine Tour12+1 Rounds 9 Starts 1600ST"]
[Site "Infinity Chess"]
[Date "2018.4.3"]
[Round "5"]
[White "Thinker"]
[Black "KRAKEN"]
[Result "1/2-1/2"]
[ECO "C50"]
[WhiteElo "2450"]
[BlackElo "2471"]
[WhiteEngine "BrainFish_180329_x64_modern_CTG"]
[BlackEngine "Raubfisch X38_CTG"]
[EventType "Swiss"]
[WhiteTeam ""]
[BlackTeam ""]
[PlyCount "106"]
[TimeControl "720+1"]

1. e4 e5 2. Nf3 Nc6 3. Bc4 Bc5 4. O-O Nf6 5. d3 d6 6. c3 O-O 7. h3 a6 8. Re1 Ba7 
9. Bb3 h6 10. Nbd2 Be6 11. Nf1 Bxb3 12. Qxb3 Qd7 13. Be3 Bxe3 14. Nxe3 b5 
15. Nh4 Ne7 16. a4 Rfb8 17. Qc2 bxa4 18. Ra3 Nh5 19. d4 Qb5 20. dxe5 Qxb2 
21. Qxb2 Rxb2 22. exd6 cxd6 23. Rd1 Nf4 24. Rxd6 a5 25. Nc4 Rc2 26. Rd2 Rxd2 
27. Nxd2 Rd8 28. Nhf3 Nc6 29. Rxa4 Rd3 30. Kh2 Rxc3 31. Nc4 Nd3 32. Nxa5 Nxa5 
33. Rxa5 Nxf2 34. Ra8+ Kh7 35. Ra7 Nxe4 36. Rxf7 Nd6 37. Rd7 Ne4 38. Ne5 h5 
39. Nf3 Kg8 40. Re7 Nf6 41. Ng5 g6 42. Re6 Rc5 43. Rxf6 Rxg5 44. Rd6 h4 
45. Rd7 Rc5 46. Rd8+ Kf7 47. Rd7+ Ke6 48. Rd3 Ra5 49. g3 g5 50. gxh4 gxh4 
51. Re3+ Kf5 52. Rd3 Ra4 53. Rd5+ Ke4 1/2-1/2

[Event "Tuesday 03 April Rapid Engine Tour12+1 Rounds 9 Starts 1600ST"]
[Site "Infinity Chess"]
[Date "2018.4.3"]
[Round "5"]
[White "Harry_Potter"]
[Black "Brtroy"]
[Result "1/2-1/2"]
[ECO "D31"]
[WhiteElo "2476"]
[BlackElo "2501"]
[WhiteEngine "asmFishW_2018-03-27_bmi2_CTG"]
[BlackEngine "Stockfish_18040103_x64_bmi2_CTG"]
[EventType "Swiss"]
[WhiteTeam ""]
[BlackTeam ""]
[PlyCount "124"]
[TimeControl "720+1"]

1. d4 d5 2. c4 e6 3. Nc3 c6 4. cxd5 exd5 5. Bf4 Nf6 6. e3 Bf5 7. Nf3 Nbd7 
8. Be2 h6 9. O-O Be7 10. Ne1 O-O 11. Bd3 Bxd3 12. Nxd3 Re8 13. Qb3 Nb6 
14. a4 Qc8 15. Rac1 Nc4 16. Rfd1 Qd7 17. Qc2 a5 18. h3 Nh5 19. b3 Nb6 
20. Be5 Nf6 21. Ne2 Qd8 22. Ng3 Bf8 23. Qe2 Nfd7 24. Qb2 Nc8 25. Nf1 Nd6 
26. Nd2 Qe7 27. Bg3 Nb8 28. Nc5 Nf5 29. Be5 Na6 30. Nf3 Nb4 31. Bf4 b6 
32. Nd3 Nxd3 33. Rxd3 Rac8 34. Bh2 Qe6 35. Rdd1 f6 36. Qe2 h5 37. Kh1 Ba3 
38. Rb1 Bb4 39. Qa6 c5 40. dxc5 Bxc5 41. Rbc1 g6 42. Qd3 Red8 43. Ng1 h4 
44. Nf3 g5 45. Qa6 Re8 46. Rc2 Bb4 47. Rxc8 Rxc8 48. Qb7 Qc6 49. Qa7 Bc5 
50. Qa6 Ne7 51. Re1 Kg7 52. Nd4 Bxd4 53. exd4 Nf5 54. f4 Qc3 55. Rg1 gxf4 
56. Bxf4 Kg6 57. Qe2 Qg3 58. Qd2 Qxb3 59. Qe2 Qg3 60. Qd2 Qb3 61. Qe2 Qg3 
62. Qd2 Qb3 1/2-1/2

[Event "Tuesday 03 April Rapid Engine Tour12+1 Rounds 9 Starts 1600ST"]
[Site "Infinity Chess"]
[Date "2018.4.3"]
[Round "5"]
[White "ivrdurant"]
[Black "Marsell"]
[Result "1/2-1/2"]
[ECO "C55"]
[WhiteElo "2474"]
[BlackElo "2468"]
[WhiteEngine "Raubfisch ME262_GTZ16d4"]
[BlackEngine "asmFishW_2018-04-02_bmi2"]
[EventType "Swiss"]
[WhiteTeam ""]
[BlackTeam ""]
[PlyCount "149"]
[TimeControl "720+1"]

1. e4 e5 2. Nf3 Nc6 3. Bc4 Nf6 4. d3 Bc5 5. O-O d6 6. c3 O-O 7. h3 a6 8. Re1 Ba7 
9. a4 h6 10. Nbd2 Re8 11. Nf1 Be6 12. Bxe6 Rxe6 13. b4 d5 14. Qc2 Qd7 
15. Bd2 Rd8 16. Rad1 b5 17. axb5 axb5 18. Be3 Bxe3 19. Nxe3 Rde8 20. Ra1 Rd8 
21. Rac1 Ree8 22. Ra1 dxe4 23. dxe4 Qd3 24. Ra6 Re6 25. Qxd3 Rxd3 26. c4 bxc4 
27. Nxc4 Rc3 28. Nfxe5 Rxe5 29. Rxc6 Rxe4 30. Rxe4 Nxe4 31. b5 Rb3 32. Rxc7 Rxb5 
33. f3 Ng5 34. Kf2 Rd5 35. h4 Ne6 36. Rc8+ Kh7 37. Ke3 Kg6 38. Rc6 Kf6 39. g3 h5 
40. g4 hxg4 41. fxg4 Rd1 42. Nd2 Rg1 43. Rc4 Ra1 44. Kf2 Ra2 45. Ke3 Ra3+ 
46. Kf2 Ra2 47. Ke3 g6 48. Nf3 Ra3+ 49. Kf2 Kg7 50. g5 Ra5 51. Kg3 Ra3 
52. Kf2 Ra2+ 53. Kg3 Ra3 54. Kg4 f6 55. gxf6+ Kxf6 56. Re4 Ra2 57. Kg3 Ng7 
58. Rb4 Nh5+ 59. Kh3 Ra3 60. Kg4 Kg7 61. Rb7+ Kh6 62. Rf7 Rb3 63. Kh3 Ng7 
64. Kg3 Nf5+ 65. Kg4 Ra3 66. Ne5 Ra4+ 67. Kf3 Nxh4+ 68. Kg3 Nf5+ 69. Kg2 Kh5 
70. Kh3 Re4 71. Rh7+ Kg5 72. Nxg6 Ne3 73. Nh4 Nd1 74. Rg7+ Kf6 75. Rg6+ 1/2-1/2

[Event "Tuesday 03 April Rapid Engine Tour12+1 Rounds 9 Starts 1600ST"]
[Site "Infinity Chess"]
[Date "2018.4.3"]
[Round "5"]
[White "MCDermont"]
[Black "THE_MACHINE"]
[Result "1/2-1/2"]
[ECO "D30"]
[WhiteElo "2500"]
[BlackElo "2492"]
[WhiteEngine "BrainFish 010418 WM_CTG"]
[BlackEngine "BrainFish_180401_x64_bmi2"]
[EventType "Swiss"]
[WhiteTeam ""]
[BlackTeam ""]
[PlyCount "105"]
[TimeControl "720+1"]

1. d4 d5 2. c4 e6 3. Nf3 Nf6 4. Nc3 dxc4 5. e4 Bb4 6. Bg5 c5 7. Bxc4 cxd4 
8. Nxd4 Bxc3+ 9. bxc3 Qa5 10. Bb5+ Bd7 11. Bxf6 gxf6 12. Bxd7+ Nxd7 13. O-O a6 
14. Rb1 Qc7 15. Qh5 Nc5 16. Rb4 Qe5 17. Qh4 Rd8 18. Rfb1 h5 19. Rc4 Qxe4 
20. Qxe4 Nxe4 21. Nxe6 fxe6 22. Rxe4 Rd6 23. Kf1 Rh7 24. Reb4 Rc6 25. R1b3 Rhc7 
26. g3 b5 27. a4 bxa4 28. Rxa4 Rxc3 29. Rb8+ Kf7 30. Rxa6 Rc1+ 31. Kg2 R1c6 
32. Rxc6 Rxc6 33. Rb7+ Kg6 34. h4 e5 35. Rb8 e4 36. Re8 Kf5 37. Rh8 Kg6 
38. Rf8 Rc2 39. Re8 f5 40. Kf1 Rc4 41. Rb8 Kf7 42. Ke1 Rc1+ 43. Kd2 Rc6 
44. Ke3 Rc2 45. Kd4 Rxf2 46. Rb7+ Ke6 47. Rb6+ Kf7 48. Ke5 e3 49. Rb7+ Kg8 
50. Rb8+ Kf7 51. Rb7+ Kg8 52. Rb8+ Kf7 53. Rb7+ 1/2-1/2

[Event "Tuesday 03 April Rapid Engine Tour12+1 Rounds 9 Starts 1600ST"]
[Site "Infinity Chess"]
[Date "2018.4.3"]
[Round "4"]
[White "IronMan"]
[Black "CrapCleaner"]
[Result "1/2-1/2"]
[ECO "A22"]
[WhiteElo "2460"]
[BlackElo "2399"]
[WhiteEngine "Eman 1.70-beta13 64-bit BMI2"]
[BlackEngine "Raubfisch ME262_GTZ16e2_CTG"]
[EventType "Swiss"]
[WhiteTeam ""]
[BlackTeam ""]
[PlyCount "223"]
[TimeControl "720+1"]

1. c4 e5 2. Nc3 Nf6 3. Nf3 Nc6 4. g3 d5 5. cxd5 Nxd5 6. Bg2 Nb6 7. d3 Be7 
8. O-O O-O 9. a3 Be6 10. Be3 a5 11. a4 f5 12. Rc1 Kh8 13. Bxb6 cxb6 14. e3 f4 
15. d4 fxg3 16. fxg3 exd4 17. exd4 Bg8 18. Re1 Qd7 19. d5 Nb4 20. Qd2 Rad8 
21. Ne5 Bc5+ 22. Kh1 Qf5 23. Re2 Qh5 24. g4 Qh4 25. Rd1 Bd6 26. Qe1 Qxe1+ 
27. Rexe1 Rfe8 28. Nc4 Rxe1+ 29. Rxe1 Nd3 30. Rf1 Bc5 31. h3 h6 32. b3 g5 
33. Kh2 Nf4 34. Bf3 Bb4 35. Nb5 Nxd5 36. Rd1 Be7 37. Re1 Bf6 38. Nbd6 Nf4 
39. Rd1 Be6 40. Kg3 Kg7 41. h4 Be7 42. Nf5+ Bxf5 43. gxf5 Kf6 44. hxg5+ Kxg5 
45. Nxb6 Rxd1 46. Bxd1 Bd6 47. Nc4 Bc7 48. Bf3 Nd3+ 49. Kh3 Nf4+ 50. Kg3 Nd3+ 
51. Kh3 Nc5 52. f6 Kxf6 53. Kh4 Kg6 54. Bh5+ Kf5 55. Bf3 Kg6 56. Bh5+ Kf5 
57. Bf3 b6 58. Kh5 Nxb3 59. Bd5 Nc5 60. Bc6 Bd8 61. Kxh6 Ne6 62. Bd7 Kf6 
63. Kh5 Nc5 64. Bc6 Kf5 65. Nd6+ Kf6 66. Kg4 Ke6 67. Nc4 Nd3 68. Kf3 Ne5+ 
69. Nxe5 Kxe5 70. Ke3 Kd6 71. Bb5 Kc5 72. Kf3 Bh4 73. Be2 Be7 74. Bd1 Kc4 
75. Bc2 Kb4 76. Ke3 Kc5 77. Kf2 Kb4 78. Ke2 Bf8 79. Bf5 Bc5 80. Be4 Ka3 
81. Bg2 Kb4 82. Ba8 Kc3 83. Kd1 Bf8 84. Bh1 Bd6 85. Ke2 Bf4 86. Bg2 Bh6 
87. Bf1 Bg7 88. Bh3 Bd4 89. Bf5 Kc4 90. Bd3+ Kb3 91. Kd2 Bg1 92. Kd1 Bh2 
93. Bb1 Kb4 94. Bg6 Kc3 95. Bf7 Bc7 96. Ba2 Bf4 97. Bb1 Bg5 98. Be4 Kb3 
99. Bb1 Be3 100. Bg6 Bf4 101. Bf7+ Kb2 102. Ke2 Kc3 103. Kf3 Bd2 104. Ke4 Be1 
105. Kd5 Kb4 106. Bg6 Bd2 107. Bf7 Be3 108. Bh5 Bd2 109. Bg6 Be3 110. Bh5 Bc5 
111. Bd1 b5 112. axb5 1/2-1/2

[Event "Tuesday 03 April Rapid Engine Tour12+1 Rounds 9 Starts 1600ST"]
[Site "Infinity Chess"]
[Date "2018.4.3"]
[Round "4"]
[White "KillBill2017"]
[Black "ludimilojko"]
[Result "1-0"]
[ECO "C50"]
[WhiteElo "2409"]
[BlackElo "2291"]
[WhiteEngine "Raubfisch X37f_CTG"]
[BlackEngine "CorChess 2.2 020418 _x64_CTG"]
[EventType "Swiss"]
[WhiteTeam ""]
[BlackTeam ""]
[PlyCount "139"]
[TimeControl "720+1"]

1. e4 e5 2. Nf3 Nc6 3. Bc4 Bc5 4. O-O Nf6 5. d3 d6 6. c3 O-O 7. Bg5 h6 8. Bh4 a5 
9. a4 Be6 10. Nbd2 Qe7 11. Bb3 Rad8 12. Nc4 g5 13. Bg3 Rfe8 14. Rb1 Qf8 
15. Qc2 Ba7 16. Ne3 Qg7 17. Rbe1 Nh5 18. Nd2 Qg6 19. Nd5 Rd7 20. Bc4 Nxg3 
21. hxg3 h5 22. Nf3 Kg7 23. Qb3 Rb8 24. Ne3 Rdd8 25. Rd1 Re8 26. Rfe1 Qf6 
27. Kf1 Bxe3 28. Rxe3 Bg4 29. d4 Qg6 30. Qb5 Rh8 31. Kg1 h4 32. gxh4 exd4 
33. cxd4 gxh4 34. Be2 Nb4 35. Qxa5 Nc2 36. Red3 h3 37. Ne5 Qxe4 38. Rg3 Qxe2 
39. Rxg4+ Kf8 40. Rc1 dxe5 41. Qc5+ Ke8 42. Rg5 Qd2 43. Rxe5+ Kd8 44. Qxc2 Qxc2 
45. Rxc2 hxg2 46. Rd5+ Kc8 47. Kxg2 Ra8 48. Rc4 Ra6 49. Rf5 Rg6+ 50. Kf3 Rh3+ 
51. Kf4 Rh4+ 52. Ke3 Re6+ 53. Kd3 f6 54. d5 Rh3+ 55. f3 Rd6 56. Rg4 c6 
57. Rg6 Rh1 58. Rgxf6 Rd1+ 59. Ke3 Rxf6 60. Rxf6 cxd5 61. f4 Kc7 62. f5 d4+ 
63. Ke4 d3 64. Rf7+ Kc6 65. b4 Kb6 66. f6 d2 67. Ke3 Rb1 68. a5+ Ka6 
69. Kxd2 Rf1 70. Ke2 1-0

[Event "Tuesday 03 April Rapid Engine Tour12+1 Rounds 9 Starts 1600ST"]
[Site "Infinity Chess"]
[Date "2018.4.3"]
[Round "4"]
[White "beka"]
[Black "hafaba"]
[Result "1/2-1/2"]
[ECO "A05"]
[WhiteElo "2375"]
[BlackElo "2410"]
[WhiteEngine "stockfish_18032408_32bit"]
[BlackEngine "Eman 1.70-beta13 64-bit POPCNT"]
[EventType "Swiss"]
[WhiteTeam ""]
[BlackTeam ""]
[PlyCount "95"]
[TimeControl "720+1"]

1. Nf3 Nf6 2. d4 e6 3. g3 b6 4. Bg2 Bb7 5. c4 Bb4+ 6. Bd2 Bxd2+ 7. Qxd2 O-O 
8. Nc3 d5 9. cxd5 exd5 10. O-O Re8 11. Rac1 Nbd7 12. Nb5 c5 13. Nd6 Ne4 
14. Nxb7 Qb8 15. Qc2 Qxb7 16. dxc5 bxc5 17. Rfd1 f5 18. Nh4 g6 19. Bxe4 fxe4 
20. Qd2 d4 21. b4 Rad8 22. bxc5 Ne5 23. Qc2 Re6 24. Ng2 g5 25. Rb1 Qc6 
26. Qd2 h6 27. h4 e3 28. Nxe3 gxh4 29. Nf5 h3 30. f3 d3 31. Qf4 Qxc5+ 
32. Kh2 Rf8 33. Rdc1 Nxf3+ 34. Qxf3 Qxf5 35. Qxd3 Qe5 36. Rb4 Qxe2+ 
37. Qxe2 Rxe2+ 38. Kxh3 Rxa2 39. Rg4+ Kh7 40. Rc7+ Kh8 41. Rg6 Rf1 42. Rxh6+ Kg8 
43. Rg6+ Kh8 44. Rd6 Kg8 45. Rd8+ Rf8 46. Rxf8+ Kxf8 47. g4 a5 48. g5 1/2-1/2

[Event "Tuesday 03 April Rapid Engine Tour12+1 Rounds 9 Starts 1600ST"]
[Site "Infinity Chess"]
[Date "2018.4.3"]
[Round "4"]
[White "star99"]
[Black "angriff"]
[Result "1/2-1/2"]
[ECO "D31"]
[WhiteElo "2417"]
[BlackElo "2403"]
[WhiteEngine "Cryptic Heroes 9.2B"]
[BlackEngine "DracoREX 3.07 64BIT POPCNT_CTG"]
[EventType "Swiss"]
[WhiteTeam ""]
[BlackTeam ""]
[PlyCount "106"]
[TimeControl "720+1"]

1. d4 d5 2. c4 e6 3. Nc3 c6 4. Nf3 Nf6 5. Bg5 h6 6. Bh4 dxc4 7. Bxf6 gxf6 
8. g3 b5 9. Bg2 a5 10. O-O a4 11. a3 Bg7 12. e4 O-O 13. Qe2 Nd7 14. Rfd1 Qc7 
15. Rd2 Rb8 16. Rad1 c5 17. d5 b4 18. axb4 cxb4 19. Nxa4 Ra8 20. b3 cxb3 
21. dxe6 fxe6 22. Nb2 Ra2 23. Nd3 Rxd2 24. Qxd2 f5 25. exf5 Nc5 26. Rc1 Bc3 
27. Rxc3 bxc3 28. Qxc3 Qb6 29. Nxc5 b2 30. Nd2 b1=Q+ 31. Nxb1 Qxb1+ 32. Bf1 Rxf5 
33. Nd3 Ba6 34. Ne1 Qb6 35. Qc2 Bxf1 36. Kxf1 Qc5 37. Qe2 Qb5 38. Qxb5 Rxb5 
39. Ke2 Re5+ 40. Kd2 Rg5 41. h4 Ra5 42. Ke3 Kf7 43. Nd3 Kf6 44. g4 h5 45. f3 e5 
46. gxh5 Kf5 47. Nc1 Ra4 48. Kf2 Rxh4 49. Ne2 Rh3 50. Ke3 Ke6 51. Ke4 Rh1 
52. f4 Rxh5 53. fxe5 Rxe5+ 1/2-1/2

[Event "Tuesday 03 April Rapid Engine Tour12+1 Rounds 9 Starts 1600ST"]
[Site "Infinity Chess"]
[Date "2018.4.3"]
[Round "4"]
[White "Dovahkiin"]
[Black "Vimtiroba"]
[Result "1/2-1/2 "]
[ECO "C24"]
[WhiteElo "2385"]
[BlackElo "2428"]
[WhiteEngine "BrainFish_180329_x64_modern_CTG"]
[BlackEngine "SF9 ''C1''_CTG"]
[EventType "Swiss"]
[WhiteTeam ""]
[BlackTeam ""]
[PlyCount "200"]
[TimeControl "720+1"]

1. e4 e5 2. Bc4 Nf6 3. d3 Bc5 4. Nf3 Nc6 5. a4 a5 6. c3 O-O 7. O-O d6 8. Bg5 h6 
9. Bh4 g5 10. Bg3 Kg7 11. Nbd2 Ba7 12. Re1 Ng8 13. Nf1 Nge7 14. Ne3 f5 
15. exf5 Nxf5 16. Nxf5+ Bxf5 17. Bd5 Re8 18. Rc1 Qf6 19. Rc2 Rab8 20. Rce2 Bg6 
21. h3 Ne7 22. Bb3 Nc6 23. Bd5 Ne7 24. Bc4 Nc6 25. Nh2 Kh8 26. Ng4 Qg7 
27. Bb5 Re7 28. d4 exd4 29. Rxe7 Nxe7 30. Nxh6 Nc6 31. Ng4 dxc3 32. bxc3 Qxc3 
33. Kh2 Bd4 34. Bxc6 bxc6 35. Re6 Bf5 36. Ne5 g4 37. Nf7+ Kg7 38. Re7 Rb1 
39. Qe2 Qa1 40. Bxd6 Rh1+ 41. Kg3 Qc3+ 42. Kf4 Kf6 43. Be5+ Bxe5+ 
44. Qxe5+ Qxe5+ 45. Rxe5 Bd7 46. Ng5 gxh3 47. Ne4+ Kf7 48. gxh3 Bxh3 
49. Rxa5 Be6 50. Ra7 Bd5 51. Rxc7+ Ke6 52. f3 Ra1 53. Ra7 Ra3 54. Nc5+ Kf6 
55. Ne4+ Ke6 56. a5 Bc4 57. a6 Be2 58. Ra8 Kd7 59. a7 Kc7 60. Ng5 Kb7 
61. Re8 Bb5 62. Kg4 Rxa7 63. f4 c5 64. Re5 Bd7+ 65. f5 Ra1 66. Rxc5 Kb6 
67. Re5 Rg1+ 68. Kh5 Bxf5 69. Rxf5 Kc6 70. Kg6 Ra1 71. Kf6 Kd6 72. Ne4+ Kd7 
73. Rd5+ Kc7 74. Rc5+ Kb6 75. Rc8 Rf1+ 76. Ke6 Ra1 77. Nd6 Re1+ 78. Kd5 Rd1+ 
79. Ke6 Re1+ 80. Kd5 Rd1+ 81. Ke5 Re1+ 82. Kd4 Rd1+ 83. Ke5 Ra1 84. Nc4+ Kb5 
85. Kf5 Re1 86. Ne5 Rf1+ 87. Ke6 Ra1 88. Kd5 Rd1+ 89. Ke4 Re1+ 90. Kd4 Rd1+ 
91. Nd3 Kb6 92. Ke4 Kb7 93. Rc2 Kb6 94. Rc8 Ra1 95. Ke5 Rd1 96. Nb4 Re1+ 
97. Kd4 Rd1+ 98. Ke4 Kb5 99. Nd3 Rh1 100. Ne5 Ra1 1/2-1/2

[Event "Tuesday 03 April Rapid Engine Tour12+1 Rounds 9 Starts 1600ST"]
[Site "Infinity Chess"]
[Date "2018.4.3"]
[Round "4"]
[White "RonWeasley"]
[Black "Mr Aj"]
[Result "1/2-1/2 "]
[ECO "E32"]
[WhiteElo "2443"]
[BlackElo "2439"]
[WhiteEngine "BrainFish 010418 WM_CTG"]
[BlackEngine "Houdini 6_CTG"]
[EventType "Swiss"]
[WhiteTeam ""]
[BlackTeam ""]
[PlyCount "215"]
[TimeControl "720+1"]

1. d4 Nf6 2. c4 e6 3. Nc3 Bb4 4. Qc2 O-O 5. e4 d5 6. e5 Ne4 7. Bd3 c5 
8. Nf3 cxd4 9. Nxd4 Nd7 10. Bf4 Ndc5 11. O-O Nxd3 12. Qxd3 Bxc3 13. bxc3 b6 
14. cxd5 exd5 15. Rfe1 Qd7 16. a4 Nc5 17. Qg3 Ne4 18. Qh4 Nc5 19. a5 Qg4 
20. Qxg4 Bxg4 21. Reb1 Bd7 22. Be3 Na4 23. axb6 axb6 24. Ne2 Bf5 25. Re1 b5 
26. f3 Nb2 27. Nf4 Nd3 28. Nxd3 Bxd3 29. g4 Ra4 30. Bd4 Rfa8 31. Rad1 Bc4 
32. e6 f6 33. Re3 Ra2 34. Bc5 Rc2 35. h4 Re8 36. e7 Kf7 37. Ra1 Ba2 38. Rae1 Bc4 
39. h5 h6 40. Ra1 Ra2 41. Rxa2 Bxa2 42. Kg2 Ra8 43. Kf2 Ke8 44. Kg3 Ra6 
45. Bb4 Rc6 46. Re1 d4 47. Rd1 Rc4 48. Rxd4 Rxd4 49. cxd4 Bd5 50. Bc5 Kf7 
51. f4 Ke8 52. f5 Kd7 53. Kh4 Bb7 54. Ba3 Bc6 55. Kh3 Ke8 56. Bb4 Bd5 
57. Kh4 Bf3 58. Bd6 Bd5 59. Bc5 Bb7 60. Kg3 Be4 61. Ba3 Bh1 62. Kh4 Bd5 
63. Kg3 Bc6 64. d5 Bxd5 65. Bb4 Bc6 66. Kf4 Bb7 67. Bc5 Bd5 68. Kg3 Kf7 
69. Kh4 Bf3 70. Kg3 Bd5 71. Ba3 Bc4 72. Kg2 Bd3 73. Kf2 Ke8 74. Bd6 Be4 
75. Kg3 Bd5 76. Kf4 Bb7 77. Ba3 Bc6 78. Bb4 Bh1 79. Kg3 Kf7 80. Kf2 Bd5 
81. Ke2 Bc4+ 82. Ke3 Ke8 83. Ke4 Bb3 84. Bd6 Bg8 85. Kf4 Bc4 86. Bc5 Be2 
87. Ba3 Bd1 88. Kg3 Bc2 89. Bd6 Bd1 90. Bb4 Be2 91. Bd6 Bd1 92. Kf4 Be2 
93. Bb4 Bc4 94. Ke3 Bf1 95. Bd6 Bg2 96. Ke2 Bc6 97. Ke3 Bg2 98. Kf4 Bh1 
99. Ke3 Bc6 100. Kf4 Bg2 101. Kg3 Bd5 102. Kf4 Bc4 103. Kf3 Kf7 104. Ke4 Be2 
105. Kf4 Bc4 106. Bb4 Ke8 107. Bd6 Kf7 108. Ke3 1/2-1/2

[Event "Tuesday 03 April Rapid Engine Tour12+1 Rounds 9 Starts 1600ST"]
[Site "Infinity Chess"]
[Date "2018.4.3"]
[Round "4"]
[White "ocirema"]
[Black "Prometheus"]
[Result "1/2-1/2 "]
[ECO "C11"]
[WhiteElo "2435"]
[BlackElo "2446"]
[WhiteEngine "stockfish_18040300_x64_modern_CTG"]
[BlackEngine "Eman 1.70-beta13 64-bit BMI2"]
[EventType "Swiss"]
[WhiteTeam ""]
[BlackTeam ""]
[PlyCount "124"]
[TimeControl "720+1"]

1. e4 e6 2. d4 d5 3. Nc3 Nf6 4. e5 Nfd7 5. f4 c5 6. Nf3 Nc6 7. Be3 Qb6 
8. Na4 Qa5+ 9. c3 cxd4 10. b4 Qc7 11. Nxd4 Nxd4 12. Bxd4 Be7 13. Bd3 g6 
14. Rc1 b6 15. O-O Bb7 16. Qe2 O-O 17. f5 exf5 18. e6 fxe6 19. Qxe6+ Rf7 
20. Bxf5 Bf6 21. Bxf6 Nf8 22. Bd4 gxf5 23. Qh6 Qc6 24. Qg5+ Qg6 25. Qxg6+ hxg6 
26. Rce1 Bc6 27. Nb2 Rc7 28. Nd3 Re8 29. Rxe8 Bxe8 30. Nf4 Kf7 31. Nxd5 Rd7 
32. Nf4 Ne6 33. Nxe6 Kxe6 34. Re1+ Kf7 35. Kf2 Re7 36. Rxe7+ Kxe7 37. Ke3 g5 
38. c4 f4+ 39. Kd3 Bg6+ 40. Kc3 Be4 41. g3 fxg3 42. hxg3 Kd6 43. b5 Kc7 
44. c5 Bd5 45. a3 bxc5 46. Bxc5 Kb7 47. Kb4 Bg2 48. a4 g4 49. a5 a6 50. b6 Kc6 
51. Bd4 Bf3 52. Be3 Bg2 53. Bc1 Bd5 54. Be3 Bf7 55. Bg1 Ba2 56. Be3 Bf7 
57. Ka3 Bd5 58. Ka4 Bc4 59. Ka3 Bf1 60. Bd4 Be2 61. Kb4 Bd3 62. Be5 Be4 1/2-1/2

[Event "Tuesday 03 April Rapid Engine Tour12+1 Rounds 9 Starts 1600ST"]
[Site "Infinity Chess"]
[Date "2018.4.3"]
[Round "4"]
[White "MGR"]
[Black "Thinker"]
[Result "1/2-1/2"]
[ECO "C50"]
[WhiteElo "2449"]
[BlackElo "2450"]
[WhiteEngine "CF 180327 64 POP N"]
[BlackEngine "BrainFish_180329_x64_modern_CTG"]
[EventType "Swiss"]
[WhiteTeam ""]
[BlackTeam ""]
[PlyCount "95"]
[TimeControl "720+1"]

1. e4 e5 2. Nf3 Nc6 3. Bc4 Bc5 4. O-O Nf6 5. d3 d6 6. c3 O-O 7. h3 a6 8. Re1 Ba7 
9. Bb3 h6 10. Nbd2 Re8 11. Nf1 Be6 12. Bc2 d5 13. Qe2 b5 14. Bd2 Qd7 15. Ng3 d4 
16. c4 Bc5 17. a3 Reb8 18. b4 Bf8 19. Bb3 Qe8 20. Rec1 bxc4 21. dxc4 a5 
22. b5 Bc8 23. c5 a4 24. Bd5 Nxd5 25. exd5 Na5 26. Nxd4 Bd7 27. Ndf5 Bxf5 
28. Nxf5 Rxb5 29. Rc3 Nb3 30. Nxh6+ Kh8 31. Nf5 Nxd2 32. Qxd2 g6 33. Nh6 Bg7 
34. d6 cxd6 35. cxd6 Qf8 36. Ng4 f5 37. Ne3 e4 38. d7 Rd8 39. Rd1 Rb3 
40. Rxb3 axb3 41. Nc4 Qe7 42. Qb4 Qxb4 43. axb4 b2 44. Rb1 Rxd7 45. Nxb2 Rc7 
46. Nd1 Bd4 47. Ne3 f4 48. Ng4 1/2-1/2